 Seeded DCSS version 0.30.1-9-gdf580d7c3d (webtiles) character file.

Game seed: 2394977854812512649 (custom seed)

353 Psyclone the Destroyer (level 6, 32/32 HPs)
             Began as a Deep Elf Conjurer on Oct 12, 2023.
             Was an Initiate of Gozag.
             Quit the game in the Ecumenical Temple.
             The game lasted 00:02:12 (1047 turns).

Psyclone the Destroyer (Deep Elf Conjurer)          Turns: 1047, Time: 00:02:13

Health: 32/32      AC:  8    Str:  4    XL:     6   Next: 35%
Magic:  12/12      EV: 11    Int: 25    God:    Gozag
Gold:   16         SH:  0    Dex: 13    Spells: 8/11 levels left

rFire   + + .        j - +2 dagger (elec)
rCold   . . .        (no shield)
rNeg    . . .        c - +4 troll leather armour of the New World {rF++ Regen+}
rPois   .            (no helmet)
rElec   .            (no cloak)
rCorr   .            (no gloves)
SInv    .            (no boots)
Will    .....        (no amulet)
Stlth   ++           (no ring)
HPRegen 1.05/turn    (no ring)
MPRegen 0.13/turn

%: no passive effects
@: no status effects
A: no striking features
a: Renounce Religion, Potion Petition, Call Merchant, Bribe Branch


You were in the Ecumenical Temple.
You worshipped Gozag.
Gozag was noncommittal.
You visited 2 branches of the dungeon, and saw 6 of its levels.

You collected 2769 gold pieces.
You spent 660 gold pieces at shops.
You paid 2093 gold pieces to Gozag.

Inventory:

Hand Weapons
 j - a +2 dagger of electrocution (weapon)
Armour
 a - a +0 robe
 c - the +4 troll leather armour of the New World (worn) {rF++ Regen+}
   (You bought it in a shop in the Ecumenical Temple)

   rF:        It greatly protects you from fire.
   Regen:     It increases your rate of health regeneration.
Scrolls
 e - 3 scrolls of identify {unknown}
 f - a scroll of teleportation {unknown}
Potions
 b - a potion of magic
 d - 2 potions of berserk rage {unknown}
 g - a potion of lignification {unknown}
 h - a potion of brilliance {unknown}
 i - a potion of mutation {unknown}


   Skills:
 - Level 2.4 Dodging
 - Level 2.4 Stealth
 - Level 3.0 Spellcasting
 + Level 8.5 Conjurations


You had 8 spell levels left.
You knew the following spells:

 Your Spells              Type           Power      Damage    Failure   Level
a - Magic Dart            Conj           100%       1d8       1%          1
b - Searing Ray           Conj           92%        2d7       1%          2

Your spell library contained the following spells:

 Spells                   Type           Power      Damage    Failure   Level
 Dazzling Flash           Conj/Hex       50%        N/A       10%         3
 Fulminant Prism          Conj/Hex       12%        3d8       30%         4
 Iskenderun's Mystic Bla  Conj/Tloc      25%        2d7       30%         4


Dungeon Overview and Level Annotations

Branches:
Dungeon (5/15) Zot: 26340  Temple (1/1) D:5 Zot: 5892

Altars:
Dithmenos
Gozag
Xom
Zin

Shops:
D:2 !   Temple :=*


Message History

Aiming: Searing Ray (safe; 1% risk of failure)
Press: ? - help, Shift-Dir - straight line, f - phantom
Aim: a phantom (75% to hit)
The searing ray hits the phantom!
The phantom is moderately damaged. (Press . to maintain the ray.)
You now have 10/12 mp.
The searing ray hits the phantom!
The phantom is severely damaged.
You now have 9/12 mp.
The searing ray hits the phantom!
You destroy the phantom!
You now have 8/12 mp.
You finish channelling your searing ray.
You now have 7/12 mp.
You now have 676 gold pieces (gained 7).
You regained 2 mp, and now have 9/12 mp.
As you open the door, it creaks loudly!
There is an open door here.
There is a staircase to the Ecumenical Temple here.
You climb downwards.
Welcome back to the Ecumenical Temple!
There is a staircase back to the Dungeon here.
MP restored: 12
There is an entrance to Gosumedu's Assorted Antiques here.
You no longer have enough gold to petition Gozag for potion effects.
c - the +4 troll leather armour of the New World {rF++ Regen+} Thank you for shopping at Gosumedu's Assorted Antiques!
Annotate which branch? (. - Temple, ? - help, ! - show branch list)
Okay, then.
You start removing your armour.
You continue taking off your +0 robe. x4
You finish taking off your +0 robe.
You start putting on your armour.
You continue putting on the +4 troll leather armour of the New World {rF++ Regen+}. x5
You finish putting on the +4 troll leather armour of the New World {rF++ Regen+}.
The troll leather armour of the New World throbs as it attunes itself to your uninjured body.
Unknown command.
Unknown command.
Unknown command.
Unknown command.
Are you sure you want to abandon this character and quit the game? (Confirm with "yes".)

_. #.# ._ #### ..#
#.# #.. #_.####.#
#.# #.# #
#.#..###.##.##.#
#..
#####..##.#.#.##..#
###.........#
###.....##
####..∩∩@..####
........<........
.####.......####.
##.....## ...#.#...
.##.#.#.##. #
.##.##. # .# #.# #.
.# #.# #.


There were no monsters in sight!

Vanquished Creatures
  A black bear (D:5)
  An ogre (D:5)
  A phantom (D:5)
  A hound (D:5)
  A sleepcap (D:5)
  An iguana (D:5)
  A dart slug (D:5)
  2 ball pythons
  3 endoplasms
  A giant cockroach (D:1)
  2 goblins (D:1)
  A hobgoblin (D:1)
  4 jackals (D:5)
  A bat (D:1)
  2 frilled lizards
  2 rats
25 creatures vanquished.

Notes
Turn   | Place    | Note
-------+----------+-------------------------------------------
     0 | D:1      | Psyclone the Deep Elf Conjurer began the quest for the Orb.
     0 | D:1      | Reached XP level 1. HP: 10/10 MP: 6/6
    93 | D:1      | Reached XP level 2. HP: 15/15 MP: 2/8
    96 | D:1      | Learned a level 2 spell: Searing Ray
   174 | D:1      | Reached skill level 5 in Conjurations
   222 | D:2      | Found Utwiat's Distillery.
   281 | D:4      | You fall into a shaft and drop 1 floor!
   281 | D:5      | Entered Level 5 of the Dungeon
   281 | D:5      | Found a staircase to the Ecumenical Temple.
   289 | Temple   | Entered the Ecumenical Temple
   305 | Temple   | Identified 2 scrolls of acquirement
   305 | Temple   | Acquired 1325 gold pieces
   309 | Temple   | Acquired 1291 gold pieces
   311 | Temple   | Became a worshipper of Gozag Ym Sagoz the Greedy
   411 | D:5      | Reached XP level 3. HP: 11/19 MP: 1/9
   595 | D:5      | Reached skill level 6 in Conjurations
   595 | D:5      | Reached XP level 4. HP: 24/24 MP: 1/10
   746 | D:5      | Found a glowing silver altar of Zin.
   753 | D:5      | Noticed a black bear
   760 | D:5      | Killed a black bear
   761 | D:5      | Reached skill level 7 in Conjurations
   761 | D:5      | Reached XP level 5. HP: 28/28 MP: 3/11
   838 | D:5      | Noticed an ogre
   843 | D:5      | Killed an ogre
   914 | D:5      | Reached skill level 8 in Conjurations
   914 | D:5      | Reached XP level 6. HP: 32/32 MP: 6/12
  1037 | Temple   | Bought an ancient troll leather armour for 660 gold pieces
  1037 | Temple   | Identified the +4 troll leather armour of the New World
                  | {rF++ Regen+} (You bought it in a shop in the Ecumenical
                  | Temple)
  1047 | Temple   | Quit the game

Illustrated notes

Levels and vault maps discovered:
D:1:      saegor_arrival_simple_c, layout_rooms
D:2:      layout_basic, serial_shops, shop, uniq_sigmund
D:3:      layout_basic, marbit_many_paths, serial_curves, eino_curves_01,
          eino_curves_03
D:4:      layout_cave_pools, kennysheep_mini_moat, dk_noncrumbling_3
D:5:      layout_gridville, mainiacjoe_overflow_alcove_1,
          minmay_temple_entry_grid, grunt_decor_arrowhead,
          uniq_crazy_yiuf_cottage
Temple:   hellmonk_temple_flake

Skill      XL: |  1  2  3  4  5 |
---------------+----------------+-----
Conjurations   | 5 6 7 8 |  8.5
Dodging        | |  2.4
Stealth        | |  2.4
Spellcasting   | |  3.0

Action                     |  1- 3 |  4- 6 || total
---------------------------+-------+-------++-------
   Cast: Magic Dart        |    18 |    14 ||    32
         Searing Ray       |     3 |     4 ||     7
 Invoke: Call Merchant     |     3 |       ||     3
    Use: Scroll            |     2 |       ||     2
  Dodge: Dodged            |     1 |     1 ||     2
